[Event "Titled Tuesday Blitz May 2 Late 2023"]
[White "Wadsworth, Matthew J"]
[Black "Grischuk, Alexander"]
[WhiteFideId "415804"]
[BlackFideId "4126025"]
[WhiteElo "2330"]
[BlackElo "2727"]
[Result "0-1"]
[Round "02"]
[TimeControl "180+2"]
[Date "2023.05.02"]
[WhiteClock "0:00:06"]
[BlackClock "0:01:00"]

1. Nf3 g6 2. g3 Bg7 3. Bg2 c5 4. c4 Nc6 5. Nc3 d6 6. O-O h5 7. h4 Nh6 8. d3 Nf5 9. a3 Qd7 10. Rb1 b6 11. Bd2 Bb7 12. b4 O-O 13. e4 Nfd4 14. Ng5 e6 15. b5 Ne5 16. Be3 Ng4 17. Ne2 Nxe3 18. fxe3 Nxe2+ 19. Qxe2 Qe7 20. Bh3 Bh6 21. Nf3 f5 22. Nd2 Rae8 23. Bg2 Kh7 24. a4 d5 25. e5 Qc7 26. cxd5 Qxe5 27. Nc4 Qxg3 28. d6 Bxg2 29. Qxg2 Bxe3+ 30. Nxe3 Qxe3+ 31. Kh1 Qd4 32. Qb7+ Kh6 33. Qxa7 Qd5+ 34. Kg1 Qxd6 35. a5 Qg3+ 36. Kh1 Qxh4+ 37. Kg1 Qg3+ 38. Kh1 Rd8 39. Qe7 Rfe8 40. Qf7 Rd4 0-1


[Site "https://www.chess.com"]

[Event "Titled Tuesday Blitz May 2 Late 2023"]
[White "Sarana, Alexey"]
[Black "Koziorowicz, Michal"]
[WhiteFideId "24133795"]
[BlackFideId "21809194"]
[WhiteElo "2714"]
[BlackElo "2255"]
[Result "1-0"]
[Round "02"]
[TimeControl "180+2"]
[Date "2023.05.02"]
[WhiteClock "0:00:56"]
[BlackClock "0:01:46"]

1. d4 Nf6 2. c4 e6 3. Nc3 b6 4. e4 d6 5. Bd3 Nbd7 6. Nge2 Bb7 7. O-O Be7 8. f4 e5 9. Bc2 O-O 10. Kh1 Re8 11. b3 exd4 12. Nxd4 Nc5 13. e5 dxe5 14. fxe5 Nfd7 15. e6 Nxe6 16. Bxh7+ Kxh7 17. Qh5+ Kg8 18. Qxf7+ Kh7 19. Nxe6 Bf6 20. Nxd8 Raxd8 21. Bb2 Ne5 22. Qh5+ Kg8 23. Rad1 Rxd1 24. Qxe8+ 1-0


[Site "https://www.chess.com"]

[Event "Titled Tuesday Blitz May 2 Late 2023"]
[White "Saveliev, Alexei"]
[Black "Deac, Bogdan-Daniel"]
[WhiteFideId "24128546"]
[BlackFideId "1226380"]
[WhiteElo "2271"]
[BlackElo "2649"]
[Result "0-1"]
[Round "02"]
[TimeControl "180+2"]
[Date "2023.05.02"]
[WhiteClock "0:00:01"]
[BlackClock "0:00:04"]

1. c4 b6 2. Nc3 Bb7 3. d4 f5 4. a3 e6 5. d5 exd5 6. cxd5 Nf6 7. g3 g6 8. Bg2 Bg7 9. Nh3 O-O 10. O-O Na6 11. Bg5 h6 12. Be3 Qe8 13. Qc2 c5 14. Rad1 d6 15. Nf4 Nc7 16. Qb3 Kh7 17. Ne6 Nxe6 18. dxe6 Bxg2 19. Kxg2 Qc6+ 20. Kg1 Rfe8 21. Bf4 Rad8 22. Nb5 c4 23. Nd4 Qc5 24. Qf3 Ng4 25. e7 Rd7 26. Ne6 Ne5 27. Qc3 Qc6 28. Nxg7 Kxg7 29. Bxe5+ dxe5 30. Qxe5+ Kf7 31. Rxd7 Qxd7 32. Rc1 Rxe7 33. Qf4 b5 34. Qxh6 Qd6 35. h4 Qe5 36. Rc3 Qg7 37. Qf4 Qe5 38. Qh6 Qf6 39. Rf3 Rxe2 40. h5 Re1+ 41. Kg2 Re5 42. Qh7+ Qg7 43. hxg6+ Kf6 44. Qh4+ Kxg6 45. Qf4 Qf6 46. Qd4 a6 47. g4 Qe6 48. gxf5+ Rxf5 49. Rg3+ Rg5 50. Rxg5+ Kxg5 51. Qc5+ Kg6 0-1


[Site "https://www.chess.com"]

[Event "Titled Tuesday Blitz May 2 Late 2023"]
[White "Sanal, Vahap"]
[Black "Ambartsumova, Karina"]
[WhiteFideId "6300545"]
[BlackFideId "4166299"]
[WhiteElo "2606"]
[BlackElo "2240"]
[Result "1-0"]
[Round "02"]
[TimeControl "180+2"]
[Date "2023.05.02"]
[WhiteClock "0:00:38"]
[BlackClock "0:00:41"]

1. e4 e5 2. Nc3 Nf6 3. Bc4 Nxe4 4. Qh5 Nd6 5. Qxe5+ Qe7 6. Qxe7+ Bxe7 7. Be2 O-O 8. Nd5 Bd8 9. d4 c6 10. Ne3 Ne4 11. f3 Nf6 12. Kf2 d5 13. Bd3 Re8 14. c3 Nbd7 15. Ne2 Nf8 16. g4 b6 17. h4 c5 18. g5 Nh5 19. Bb5 Bd7 20. Bxd7 Nxd7 21. Bd2 Nf8 22. Nxd5 Rc8 23. Ndf4 Nxf4 24. Bxf4 Ne6 25. Be3 cxd4 26. Nxd4 Nc5 27. Rad1 Bc7 28. Nb5 Bb8 29. Nd6 Bxd6 30. Rxd6 Na4 31. Rd2 Rc6 32. Rhd1 a6 33. Rd8 Re6 34. Rxe8+ Rxe8 35. Rd2 b5 36. Bd4 Rc8 37. b3 Nxc3 38. Bxc3 1-0


[Site "https://www.chess.com"]

[Event "Titled Tuesday Blitz May 2 Late 2023"]
[White "Plotnikov, Pavel"]
[Black "Maghsoodloo, Parham"]
[WhiteFideId "4170342"]
[BlackFideId "12539929"]
[WhiteElo "2298"]
[BlackElo "2647"]
[Result "0-1"]
[Round "02"]
[TimeControl "180+2"]
[Date "2023.05.02"]
[WhiteClock "0:00:14"]
[BlackClock "0:01:47"]

1. d4 Nf6 2. c4 e6 3. Nc3 Bb4 4. e3 O-O 5. Bd3 d5 6. Ne2 Nbd7 7. a3 Be7 8. cxd5 exd5 9. Qc2 c5 10. Bd2 c4 11. Bf5 g6 12. Bh3 Nb6 13. Bxc8 Nxc8 14. O-O Nd6 15. f3 Nf5 16. g4 Ng7 17. Be1 Ne6 18. Bg3 a6 19. Rad1 b5 20. Qc1 Re8 21. e4 dxe4 22. fxe4 Nxg4 23. Nd5 Bg5 24. Qc3 f5 25. Nef4 Bxf4 26. Bxf4 fxe4 27. Nb4 e3 28. Rde1 Nxf4 29. Rxf4 Qg5 30. Nd5 Nf6+ 0-1


[Site "https://www.chess.com"]

[Event "Titled Tuesday Blitz May 2 Late 2023"]
[White "Matlakov, Maxim"]
[Black "Domingo Nunez, Ruben"]
[WhiteFideId "4168003"]
[BlackFideId "22245570"]
[WhiteElo "2666"]
[BlackElo "2404"]
[Result "1-0"]
[Round "02"]
[TimeControl "180+2"]
[Date "2023.05.02"]
[WhiteClock "0:00:23"]
[BlackClock "0:00:01"]

1. Nf3 Nf6 2. g3 g6 3. Bg2 Bg7 4. d4 O-O 5. O-O d6 6. Nc3 Nc6 7. d5 Nb8 8. e4 e5 9. dxe6 Bxe6 10. Nd4 Bg4 11. f3 Bd7 12. Be3 Nc6 13. Qd2 Re8 14. Rad1 Nxd4 15. Bxd4 Bc6 16. Rfe1 Qd7 17. f4 Rad8 18. Re2 Qc8 19. h3 b5 20. a3 a5 21. b4 axb4 22. axb4 Ba8 23. Rde1 c5 24. Bf2 cxb4 25. Nxb5 d5 26. e5 Ne4 27. Qd3 Bf8 28. Kh2 h5 29. Bd4 h4 30. g4 Ng3 31. Rf2 Qc4 32. Rb1 g5 33. f5 f6 34. e6 Bd6 35. Nxd6 Rxd6 36. Bxf6 Qc5 37. Bd4 Qc7 38. Be5 Qc5 39. Qd2 Kf8 40. Qxg5 1-0


[Site "https://www.chess.com"]

[Event "Titled Tuesday Blitz May 2 Late 2023"]
[White "Terry, Renato"]
[Black "Kanakaris, Georgios"]
[WhiteFideId "3803457"]
[BlackFideId "4209460"]
[WhiteElo "2575"]
[BlackElo "2291"]
[Result "1-0"]
[Round "02"]
[TimeControl "180+2"]
[Date "2023.05.02"]
[WhiteClock "0:02:01"]
[BlackClock "0:00:21"]

1. e4 e6 2. d4 d5 3. exd5 exd5 4. Nf3 Bd6 5. c4 dxc4 6. Bxc4 Nf6 7. O-O O-O 8. Nc3 Bg4 9. h3 Bh5 10. g4 Bg6 11. Ne5 Nc6 12. f4 Ne4 13. Nxc6 Qh4 14. Qf3 bxc6 15. Nxe4 Bxe4 16. Qxe4 Qxh3 17. Qg2 Qh4 18. Bd2 Qf6 19. Be3 Rfe8 20. Qf3 Rab8 21. Rf2 Rb4 22. b3 c5 23. Rd1 Qe7 24. dxc5 1-0


[Site "https://www.chess.com"]

[Event "Titled Tuesday Blitz May 2 Late 2023"]
[White "Grinev, Valeriy"]
[Black "Hakobyan, Aram"]
[WhiteFideId "14117517"]
[BlackFideId "13306677"]
[WhiteElo "2366"]
[BlackElo "2584"]
[Result "0-1"]
[Round "02"]
[TimeControl "180+2"]
[Date "2023.05.02"]
[WhiteClock "0:00:13"]
[BlackClock "0:00:14"]

1. d4 Nf6 2. c4 e6 3. Nc3 Bb4 4. e3 Bxc3+ 5. bxc3 c5 6. Bd3 d6 7. Ne2 Nc6 8. O-O e5 9. d5 e4 10. Bb1 Ne5 11. Ng3 Bg4 12. Qb3 O-O 13. Nxe4 Be2 14. Re1 Bxc4 15. Nxf6+ Qxf6 16. Qd1 Ng6 17. Qd2 Rae8 18. e4 Qh4 19. Bc2 b5 20. a4 a6 21. axb5 axb5 22. Ra6 Qf6 23. Rb6 h6 24. f3 Re7 25. Bd3 Ne5 26. Bb1 Rfe8 27. Qf4 Qg6 28. Qg3 Qxg3 29. hxg3 Rd7 30. Kf2 Ra8 31. Bf4 f6 32. Rd1 Ra3 33. Bd2 Kf7 34. Ke1 Rb3 35. Rc1 Rb2 36. Kd1 Bb3+ 37. Ke1 Rxd2 38. Kxd2 Nc4+ 39. Ke2 Nxb6 40. Bd3 Bc4 41. Ra1 Bxd3+ 42. Kxd3 Na4 43. Rb1 Rb7 44. Kc2 b4 45. cxb4 Rxb4 46. Ra1 h5 47. Rh1 Kg6 48. Kd3 c4+ 49. Kd4 c3+ 50. Ke3 Nb2 51. Rc1 Rc4 52. Rc2 Rc5 53. Kd4 Rc4+ 54. Ke3 Kg5 55. f4+ Kg4 56. Kf2 Rxe4 57. Rxc3 Nd1+ 58. Kf1 Nxc3 0-1


[Site "https://www.chess.com"]

[Event "Titled Tuesday Blitz May 2 Late 2023"]
[White "Bortnyk, Mykola"]
[Black "Jarmula, Lukasz"]
[WhiteFideId "14120836"]
[BlackFideId "1160664"]
[WhiteElo "2582"]
[BlackElo "2372"]
[Result "1-0"]
[Round "02"]
[TimeControl "180+2"]
[Date "2023.05.02"]
[WhiteClock "0:00:15"]
[BlackClock "0:00:04"]

1. e4 b6 2. d4 Bb7 3. Bd3 d6 4. Nf3 Nd7 5. O-O e5 6. c3 Ngf6 7. Re1 g6 8. Nbd2 Bg7 9. Nf1 O-O 10. Ng3 Re8 11. Bg5 h6 12. Bd2 d5 13. Qc1 dxe4 14. Nxe4 Nxe4 15. Bxe4 Bxe4 16. Rxe4 f5 17. Re2 e4 18. Ne1 Kh7 19. a4 Nf6 20. Nc2 Qd7 21. a5 g5 22. c4 f4 23. Bc3 f3 24. Re3 Nh5 25. Ne1 Nf4 26. gxf3 exf3 27. Qc2+ Kh8 28. Rxf3 Qg4+ 29. Rg3 Ne2+ 30. Kg2 Nxg3 31. hxg3 Re2 32. Qd3 Rf8 33. Nf3 Re7 34. Rf1 Ref7 35. Nh2 Qf5 36. Qxf5 Rxf5 37. axb6 axb6 38. Ng4 h5 39. Rh1 Kg8 40. Rxh5 c5 41. d5 Bxc3 42. Nh6+ Kg7 43. Nxf5+ Rxf5 44. bxc3 Re5 45. Rh1 Re4 46. d6 Kf7 47. Rh7+ Ke8 48. Re7+ Rxe7 49. dxe7 g4 50. f3 gxf3+ 51. Kxf3 Kxe7 52. Ke4 Kf6 53. Kd5 Kf5 54. Kc6 Ke4 55. Kxb6 1-0


[Site "https://www.chess.com"]

[Event "Titled Tuesday Blitz May 2 Late 2023"]
[White "Sargsyan, Shant"]
[Black "Kjartansson, David"]
[WhiteFideId "13306766"]
[BlackFideId "2301130"]
[WhiteElo "2628"]
[BlackElo "2333"]
[Result "1-0"]
[Round "02"]
[TimeControl "180+2"]
[Date "2023.05.02"]
[WhiteClock "0:01:35"]
[BlackClock "0:00:33"]

1. g3 d6 2. Nf3 Nf6 3. Bg2 Nbd7 4. O-O e5 5. c4 Be7 6. Nc3 c6 7. d3 O-O 8. b4 Qc7 9. Rb1 a5 10. b5 Re8 11. Bg5 h6 12. Bxf6 Nxf6 13. Nd2 Be6 14. Qa4 d5 15. Rfc1 d4 16. Nd5 cxd5 17. cxd5 Qxc1+ 18. Rxc1 Bxd5 19. b6 Bb4 20. Nc4 Bxg2 21. Kxg2 Nd5 22. Qd7 Red8 23. Qxb7 Rab8 24. Qc6 Rbc8 25. Qb5 Nc3 26. Qxe5 Re8 27. Qf5 Nxe2 28. Rc2 g6 29. Qd7 Nc3 30. b7 Rb8 31. a3 Bf8 32. Qxd4 Nb5 33. Qb6 Nxa3 34. Nxa3 Bxa3 35. Qxa5 Bf8 36. Rc6 Rxb7 37. Qd5 Rb2 38. Rxg6+ Kh7 39. Qxf7+ 1-0


[Site "https://www.chess.com"]

[Event "Titled Tuesday Blitz May 2 Late 2023"]
[White "Ezat, Mohamed"]
[Black "Ibarra Jerez, Jose Carlos"]
[WhiteFideId "10600906"]
[BlackFideId "2226332"]
[WhiteElo "2386"]
[BlackElo "2638"]
[Result "0-1"]
[Round "02"]
[TimeControl "180+2"]
[Date "2023.05.02"]
[WhiteClock "0:00:03"]
[BlackClock "0:00:27"]

1. d4 Nf6 2. c4 d6 3. Nc3 e5 4. Nf3 e4 5. Ng5 Qe7 6. h4 h6 7. Nh3 c6 8. g3 g6 9. Nf4 Bf5 10. Bg2 Bg7 11. e3 a6 12. b3 b5 13. Ba3 Nbd7 14. Rc1 O-O 15. d5 c5 16. Bb2 Ng4 17. Rc2 bxc4 18. bxc4 Rab8 19. Ba1 Rb4 20. Nce2 Nde5 21. Nc1 Rb1 22. Bc3 Nd3+ 23. Kf1 Ngxf2 24. Qd2 Nxh1 25. Bxh1 Bxc3 26. Qxc3 Qe5 27. Qd2 Qa1 28. Ne2 Bg4 29. Bxe4 Bxe2+ 30. Kxe2 Nxc1+ 31. Kf3 f5 32. Bd3 Nxd3 33. Qxd3 Rd1 34. Kg2 Rxd3 0-1


[Site "https://www.chess.com"]

[Event "Titled Tuesday Blitz May 2 Late 2023"]
[White "Chigaev, Maksim"]
[Black "Atanasov, Anthony"]
[WhiteFideId "4108116"]
[BlackFideId "2623897"]
[WhiteElo "2547"]
[BlackElo "2326"]
[Result "1-0"]
[Round "02"]
[TimeControl "180+2"]
[Date "2023.05.02"]
[WhiteClock "0:00:28"]
[BlackClock "0:00:01"]

1. d4 Nf6 2. Bg5 e6 3. e4 h6 4. Bxf6 Qxf6 5. Nc3 d6 6. Qd2 g5 7. Nge2 Bg7 8. g3 Qf3 9. Rg1 c5 10. Bg2 Qh5 11. Nb5 Na6 12. Nxd6+ Ke7 13. e5 cxd4 14. Qxd4 Rd8 15. O-O-O Bd7 16. Nc3 Bc6 17. Bxc6 bxc6 18. f4 Qxh2 19. f5 f6 20. fxe6 fxe5 21. Nf5+ Kf6 22. Qg4 h5 23. Ne4+ Kxe6 24. Nxg7+ Kf7 25. Rgf1+ Kxg7 26. Qxg5+ Kh7 27. Rf7+ Kh8 28. Qg7# 1-0


[Site "https://www.chess.com"]

[Event "Titled Tuesday Blitz May 2 Late 2023"]
[White "Klenburg, Michael"]
[Black "Henriquez Villagra, Cristobal"]
[WhiteFideId "14102072"]
[BlackFideId "3409350"]
[WhiteElo "2396"]
[BlackElo "2542"]
[Result "0-1"]
[Round "02"]
[TimeControl "180+2"]
[Date "2023.05.02"]
[WhiteClock "0:00:04"]
[BlackClock "0:00:13"]

1. e4 Nc6 2. Nf3 d6 3. d4 Nf6 4. Nc3 g6 5. Be2 Bg7 6. O-O O-O 7. h3 a6 8. Re1 b5 9. a3 Bb7 10. Bf1 e5 11. dxe5 dxe5 12. Bg5 h6 13. Bxf6 Qxf6 14. Nd5 Qd6 15. c4 Nd4 16. b4 Rad8 17. c5 Qd7 18. Nxd4 exd4 19. a4 Bxd5 20. exd5 Qxd5 21. axb5 axb5 22. Bxb5 d3 23. Ra3 d2 24. Re2 Qd4 25. Rb3 h5 26. Rb1 Bh6 27. Ba4 Rb8 28. Qb3 h4 29. Qf3 Rxb4 30. Rxb4 Qxb4 31. Bd1 Qxc5 32. Re4 Bg5 33. Qe2 Qd6 34. Kf1 Kg7 35. Qc4 c5 36. Rg4 Bf6 37. Re4 Rb8 38. Ke2 Rb4 39. Qc2 c4 0-1


[Site "https://www.chess.com"]

[Event "Titled Tuesday Blitz May 2 Late 2023"]
[White "Hansen, Eric"]
[Black "Marek, Matyas"]
[WhiteFideId "2606771"]
[BlackFideId "335398"]
[WhiteElo "2561"]
[BlackElo "2279"]
[Result "1-0"]
[Round "02"]
[TimeControl "180+2"]
[Date "2023.05.02"]
[WhiteClock "0:00:02"]
[BlackClock "0:00:08"]

1. b3 Nf6 2. Bb2 g6 3. g3 Bg7 4. Bg2 O-O 5. e3 d6 6. d3 e5 7. Ne2 c6 8. Nd2 Nbd7 9. O-O d5 10. b4 Re8 11. c4 Nb6 12. Qc2 Bg4 13. Rae1 Qd7 14. Nb3 Bh3 15. Nc5 Qc8 16. a4 Bxg2 17. Kxg2 Nbd7 18. Nb3 Nf8 19. h3 h5 20. Rc1 N8h7 21. cxd5 Nxd5 22. b5 Ng5 23. Ng1 cxb5 24. axb5 Qd7 25. Qc4 Nb6 26. Qh4 Ne6 27. Qb4 Nd5 28. Qa5 b6 29. Qa4 Ndc7 30. Nf3 Qxd3 31. Bxe5 Bxe5 32. Nxe5 Qd5+ 33. Nf3 Qxb5 34. Qa3 a5 35. Rfd1 Rad8 36. Nbd4 Nxd4 37. Nxd4 Qd5+ 38. Nf3 Qb7 39. e4 Ne6 40. Qe3 Rxd1 41. Rxd1 b5 42. Kg1 b4 43. Nd4 Nxd4 44. Rxd4 b3 45. Qc1 b2 46. Qb1 Rb8 47. e5 Qb5 48. e6 Qf5 49. exf7+ Kxf7 50. Qa2+ Qe6 51. Rf4+ Ke7 52. Qa3+ Qd6 53. Re4+ Kd7 54. Qa4+ Qc6 55. Qd4+ Qd6 56. Qa7+ Kc6 57. Qa6+ Kd7 58. Qa7+ Kc6 59. Rc4+ Kd5 60. Rd4+ Ke5 61. f4+ Kf5 62. Qf7+ Qf6 63. Qd5+ Qe5 64. Qxe5# 1-0


[Site "https://www.chess.com"]

[Event "Titled Tuesday Blitz May 2 Late 2023"]
[White "Kramnik, Vladimir"]
[Black "Adewumi, Tanitoluwa"]
[WhiteFideId "4101588"]
[BlackFideId "30966396"]
[WhiteElo "2712"]
[BlackElo "2283"]
[Result "1-0"]
[Round "02"]
[TimeControl "180+2"]
[Date "2023.05.02"]
[WhiteClock "0:00:14"]
[BlackClock "0:00:03"]

1. Nf3 Nf6 2. g3 d5 3. Bg2 Bf5 4. d3 e6 5. Nh4 Bg6 6. Nxg6 hxg6 7. e4 dxe4 8. dxe4 Qxd1+ 9. Kxd1 Ng4 10. Ke2 Nc6 11. c3 O-O-O 12. h3 Nge5 13. Nd2 Bc5 14. Nb3 Bb6 15. f4 Nd3 16. Rd1 Nxc1+ 17. Raxc1 a5 18. e5 a4 19. Nd2 Ne7 20. Nc4 Bc5 21. h4 Nf5 22. Kf3 c6 23. Bh3 Kc7 24. Bxf5 gxf5 25. b4 axb3 26. axb3 b5 27. Ne3 g6 28. Nc2 Rd5 29. Ke2 Ra8 30. Rxd5 cxd5 31. Rh1 Ra2 32. Kd3 Rb2 33. b4 Bf2 34. Rh3 Rb1 35. Ke2 Rc1 36. Na3 Bb6 37. Nxb5+ Kc6 38. Nd4+ Bxd4 39. cxd4 Kb5 40. h5 gxh5 41. Rxh5 Rc2+ 42. Kd3 Rg2 43. Rg5 Kxb4 44. Rg7 Kb3 45. Ke3 Kc3 46. Kf3 Rd2 47. Rxf7 Kxd4 48. Re7 Rd3+ 49. Kg2 Ke4 50. Rxe6 Rd2+ 51. Kh3 d4 52. Rd6 d3 53. e6 Ra2 54. e7 Ra8 55. Re6+ Kd5 56. e8=Q Rxe8 57. Rxe8 1-0


[Site "https://www.chess.com"]

[Event "Titled Tuesday Blitz May 2 Late 2023"]
[White "Perske, Thore"]
[Black "Grigoriants, Sergey"]
[WhiteFideId "12902195"]
[BlackFideId "4130804"]
[WhiteElo "2336"]
[BlackElo "2502"]
[Result "0-1"]
[Round "02"]
[TimeControl "180+2"]
[Date "2023.05.02"]
[WhiteClock "0:00:12"]
[BlackClock "0:00:17"]

1. d4 Nf6 2. g3 d5 3. Bg2 c6 4. Nf3 Bg4 5. c4 e6 6. O-O Nbd7 7. Qb3 Qb6 8. Nc3 Be7 9. Bf4 O-O 10. c5 Qa6 11. Qa4 Qxa4 12. Nxa4 Ne4 13. b4 a5 14. a3 Ra6 15. Ne5 Nxe5 16. Bxe5 Bxe2 17. Rfe1 axb4 18. Nb6 Bd3 19. Bxe4 dxe4 20. axb4 Rd8 21. Rxa6 bxa6 22. d5 exd5 23. Bc7 Re8 24. f3 f5 25. fxe4 fxe4 26. Kf2 Bf6 27. Ke3 d4+ 28. Kd2 Bg5+ 29. Bf4 Bxf4+ 30. gxf4 Bb5 31. Nd7 e3+ 32. Kd1 Re4 33. Ne5 Rxf4 34. Kc2 Rf2+ 35. Kb3 h5 0-1


[Site "https://www.chess.com"]

[Event "Titled Tuesday Blitz May 2 Late 2023"]
[White "Yoo, Christopher Woojin"]
[Black "Janaszak, Dawid"]
[WhiteFideId "30909694"]
[BlackFideId "1119206"]
[WhiteElo "2519"]
[BlackElo "2220"]
[Result "1-0"]
[Round "02"]
[TimeControl "180+2"]
[Date "2023.05.02"]
[WhiteClock "0:00:05"]
[BlackClock "0:00:04"]

1. Nf3 d5 2. e3 c6 3. c4 Nf6 4. Nc3 g6 5. d4 Bg7 6. Be2 Bg4 7. Qb3 b6 8. cxd5 Nxd5 9. e4 Nxc3 10. bxc3 O-O 11. O-O c5 12. h3 Bxf3 13. Bxf3 Nc6 14. e5 Rc8 15. Qb5 Na5 16. Rd1 cxd4 17. cxd4 e6 18. Ba3 Re8 19. Rac1 Bh6 20. Rxc8 Qxc8 21. Bb4 Rd8 22. Be7 Qd7 23. Qxd7 Rxd7 24. Bf6 Bg7 25. Rc1 Bxf6 26. exf6 h6 27. Rc8+ Kh7 28. Rf8 Nc4 29. h4 Nd6 30. h5 Rc7 31. Rd8 Nf5 32. g4 Nh4 33. Be4 b5 34. Kh2 Rc3 35. Rf8 Nf3+ 36. Bxf3 Rxf3 37. Rxf7+ Kg8 38. hxg6 Rxf2+ 39. Kg3 Rf1 40. g5 hxg5 41. Kg4 Rg1+ 42. Kh5 Rh1+ 43. Kxg5 Rg1+ 44. Kh5 b4 45. Rxa7 Rh1+ 46. Kg4 Rg1+ 47. Kf4 Rxg6 48. Ke5 Rg5+ 49. Kxe6 Rb5 50. Ra8+ Kh7 51. f7 1-0


[Site "https://www.chess.com"]

[Event "Titled Tuesday Blitz May 2 Late 2023"]
[White "Taboas Rodriguez, Daniel"]
[Black "Zhigalko, Sergei"]
[WhiteFideId "2208466"]
[BlackFideId "13502956"]
[WhiteElo "2365"]
[BlackElo "2626"]
[Result "0-1"]
[Round "02"]
[TimeControl "180+2"]
[Date "2023.05.02"]
[WhiteClock "0:00:12"]
[BlackClock "0:00:16"]

1. d4 Nf6 2. Nf3 e6 3. c4 b6 4. Nc3 Bb4 5. Qc2 Bb7 6. a3 Bxc3+ 7. Qxc3 Ne4 8. Qc2 O-O 9. g3 f5 10. Bg2 Nc6 11. O-O a5 12. b3 Rb8 13. Rd1 Ne7 14. Bb2 d6 15. e3 Qd7 16. b4 axb4 17. axb4 b5 18. c5 Bd5 19. Ra7 Nc6 20. Ra3 Nxb4 21. Qe2 Bc4 22. Qe1 Nc2 23. Qa5 Nxa3 24. Qxa3 Ra8 25. Qb4 Ra4 26. Qe1 Ra2 27. Qb4 Ra4 28. Qe1 Ra2 29. Qb4 Rfa8 30. Bc1 Nxf2 31. Rd2 Nd3 32. Rxa2 Rxa2 33. Qb1 Nxc1 34. Qxc1 Bd5 35. Nh4 Qc6 36. Bxd5 Qxd5 37. cxd6 Qxd6 38. Nf3 Qa3 39. Qxc7 Qxe3+ 0-1


[Site "https://www.chess.com"]

[Event "Titled Tuesday Blitz May 2 Late 2023"]
[White "Dardha, Daniel"]
[Black "Poltorak, Sebastian"]
[WhiteFideId "240990"]
[BlackFideId "1199498"]
[WhiteElo "2581"]
[BlackElo "2195"]
[Result "1-0"]
[Round "02"]
[TimeControl "180+2"]
[Date "2023.05.02"]
[WhiteClock "0:00:27"]
[BlackClock "0:00:15"]

1. d4 Nf6 2. Bg5 e6 3. e4 h6 4. Bxf6 Qxf6 5. e5 Qd8 6. Bd3 d5 7. Qg4 c5 8. dxc5 Nd7 9. Nf3 Nxc5 10. O-O Nxd3 11. cxd3 Bd7 12. Nc3 g6 13. Rac1 Bg7 14. Qb4 Bc6 15. Nb5 Bf8 16. Nd6+ Bxd6 17. exd6 O-O 18. Ne5 Rc8 19. d4 Qb6 20. Qd2 Kg7 21. Ng4 Rh8 22. Qf4 h5 23. Qe5+ Kg8 24. Nf6+ 1-0


[Site "https://www.chess.com"]

[Event "Titled Tuesday Blitz May 2 Late 2023"]
[White "Jovic, Stanoje"]
[Black "Baskakov, Egor"]
[WhiteFideId "905020"]
[BlackFideId "24197866"]
[WhiteElo "2236"]
[BlackElo "2212"]
[Result "0-1"]
[Round "02"]
[TimeControl "180+2"]
[Date "2023.05.02"]
[WhiteClock "0:00:10"]
[BlackClock "0:00:57"]

1. c4 Nf6 2. g3 e6 3. Bg2 d5 4. Nf3 Be7 5. O-O O-O 6. b3 Ne4 7. Bb2 Bf6 8. Qc1 c5 9. d3 Bxb2 10. Qxb2 Nf6 11. cxd5 exd5 12. Nbd2 Nc6 13. Rac1 b6 14. a3 a5 15. d4 Nxd4 16. Nxd4 cxd4 17. Qxd4 Re8 18. e3 Bb7 19. Rc2 Ne4 20. Rfc1 Nc5 21. b4 Ne6 22. Qg4 Ba6 23. h4 Bd3 24. Rc3 f5 25. Qd1 Be4 26. f3 d4 27. exd4 Qxd4+ 28. Kh2 axb4 29. axb4 Bb7 30. Rc4 Qf6 31. f4 Bxg2 32. Kxg2 Rad8 33. Qc2 Nd4 34. Qa2 Re2+ 35. Kf1 Qe6 36. Rxd4 Rxd4 37. Qa8+ Kf7 38. Rc7+ Kg6 39. Rc6 Re1+ 40. Kf2 Rxd2+ 0-1


[Site "https://www.chess.com"]

[Event "Titled Tuesday Blitz May 2 Late 2023"]
[White "Leenhouts, Koen"]
[Black "Ivic, Velimir"]
[WhiteFideId "1008439"]
[BlackFideId "950122"]
[WhiteElo "2409"]
[BlackElo "2563"]
[Result "0-1"]
[Round "02"]
[TimeControl "180+2"]
[Date "2023.05.02"]
[WhiteClock "0:00:10"]
[BlackClock "0:01:05"]

1. d4 e6 2. c4 b6 3. a3 Bb7 4. d5 Nf6 5. Nc3 g6 6. g3 Bg7 7. Bg2 O-O 8. Nf3 d6 9. O-O e5 10. e4 a5 11. Rb1 a4 12. Bg5 Qe8 13. Nb5 Qe7 14. Nc3 Qd7 15. Nd2 h6 16. Bxf6 Bxf6 17. f4 Qe8 18. f5 Kg7 19. Rf2 Bc8 20. Nb5 Qe7 21. Qe2 Na6 22. Rbf1 Nc5 23. h4 Ba6 24. Nc3 g5 25. hxg5 hxg5 26. Bf3 Rh8 27. Bh5 Rh6 28. Rh2 Rah8 29. g4 Qd8 30. Rf3 Bc8 31. Rfh3 Bd7 32. Qe3 Be8 33. Nf3 Nb3 34. Ne2 b5 35. cxb5 Bxb5 36. Ng3 Nd4 37. Kg2 c6 38. dxc6 Bxc6 39. Qd3 Qb6 40. Nxd4 exd4 41. Kf1 Bb5 0-1


[Site "https://www.chess.com"]

[Event "Titled Tuesday Blitz May 2 Late 2023"]
[White "Babazada, Khazar"]
[Black "Melikyan, Gnel"]
[WhiteFideId "13413554"]
[BlackFideId "54109990"]
[WhiteElo "2351"]
[BlackElo "2138"]
[Result "1-0"]
[Round "02"]
[TimeControl "180+2"]
[Date "2023.05.02"]
[WhiteClock "0:01:27"]
[BlackClock "0:00:19"]

1. e4 c5 2. Nf3 Nc6 3. d4 cxd4 4. Nxd4 Nf6 5. Nc3 g6 6. Be3 Bg7 7. f3 O-O 8. Qd2 d5 9. O-O-O Nxd4 10. e5 Nc6 11. exf6 Bxf6 12. Nxd5 Bg7 13. Bh6 Bh8 14. Bxf8 Qxf8 15. h4 Bg7 16. h5 Bh6 17. f4 Bg4 18. Re1 Rd8 19. hxg6 hxg6 20. Bc4 Bg7 21. Qf2 e5 22. Qh4 Bh5 23. g4 Qc5 24. Bb3 exf4 25. gxh5 Rxd5 26. hxg6 1-0


[Site "https://www.chess.com"]

[Event "Titled Tuesday Blitz May 2 Late 2023"]
[White "Spitzl, Vinzent"]
[Black "Quesada Perez, Yasser"]
[WhiteFideId "12901253"]
[BlackFideId "3509362"]
[WhiteElo "2225"]
[BlackElo "2496"]
[Result "0-1"]
[Round "02"]
[TimeControl "180+2"]
[Date "2023.05.02"]
[WhiteClock "0:00:05"]
[BlackClock "0:00:13"]

1. e4 d5 2. exd5 Nf6 3. Nf3 Bg4 4. Bb5+ Nbd7 5. Nc3 a6 6. Be2 Nb6 7. h3 Bh5 8. d4 Nbxd5 9. Nxd5 Qxd5 10. O-O O-O-O 11. c4 Qe4 12. Be3 e6 13. Ne5 Bxe2 14. Qxe2 Rxd4 15. Nxf7 Rg8 16. Ng5 Qd3 17. Qf3 Rxc4 18. Nxe6 Qe4 19. Qxe4 Rxe4 20. Nxf8 Rxf8 21. Rad1 c6 22. Bd4 Re2 23. Rfe1 Rfe8 24. Rxe2 Rxe2 25. Kf1 Rc2 26. Re1 Kd7 27. Re2 Rc4 28. Bxf6 gxf6 29. Rd2+ Kc7 30. Ke2 a5 31. Ke3 a4 32. Rd4 Rc2 33. Rd2 Rc5 34. Rd4 b5 35. Kd3 Rg5 36. g3 Rh5 37. h4 Rf5 38. Ke3 c5 39. Rf4 Re5+ 40. Kd3 f5 41. f3 Kd6 42. g4 fxg4 43. fxg4 Kd5 44. Rf7 c4+ 45. Kc3 Re4 46. Rxh7 Rxg4 47. Rh5+ Kc6 48. Kb4 Rg2 49. Rh6+ Kd5 50. Kxb5 Rxb2+ 51. Kxa4 c3 52. Ka3 Rb8 53. Rh7 Kd4 54. Rd7+ Ke3 55. Rc7 Kd2 56. Rd7+ Kc1 57. h5 c2 58. Rg7 Kb1 59. Rg1+ c1=Q+ 60. Rxc1+ Kxc1 61. h6 Kc2 62. Ka4 Kc3 63. Ka5 Ra8+ 64. Kb6 Rxa2 65. Kc6 Rh2 66. Kd6 Rxh6+ 0-1


[Site "https://www.chess.com"]